 Dungeon Crawl Stone Soup version 0.29.1 (webtiles) character file.

Game seed: 10758439103723885610

260 EvilAshe the Vexing (level 6, -4/47 HPs)
             Began as a Gnoll Arcane Marksman on Sept 14, 2022.
             Killed by divine providence
             ... invoked by an orc priest
              (12 damage)
             ... on level 3 of the Dungeon.
             The game lasted 00:08:02 (2585 turns).

EvilAshe the Vexing (Gnoll Arcane Marksman)         Turns: 2585, Time: 00:08:02

Health: -4/47      AC: 20    Str: 14    XL:     6   Next: 17%
Magic:  11/11      EV:  5    Int: 13    God:
Gold:   102        SH:  0    Dex: 14    Spells: 10/11 levels left

rFire   . . .      SeeInvis .   a - +1 sling
rCold   . . .      Faith    .   (no shield)
rNeg    + . .      Spirit   .   d - +4 plate armour "Geagi" {rElec}
rPois   .          Reflect  .   (no helmet)
rElec   +          Harm     .   v - +2 cloak of a bailey {Str+5}
rCorr   .          Rampage  .   s - +0 pair of gloves
Will    .....                   q - +0 pair of boots
Stlth   ..........              (no amulet)
HPRegen 0.15/turn               h - ring of wizardry
MPRegen 0.12/turn               l - ring of positive energy

@: no status effects
A: fangs 1, strong nose, distributed training
a: no special abilities


You were on level 3 of the Dungeon.
You visited 1 branch of the dungeon, and saw 4 of its levels.

You collected 102 gold pieces.

Inventory:

Hand Weapons
 a - a +1 sling (weapon)
Armour
 d - the +4 plate armour "Geagi" (worn) {rElec}
   (You found it on level 2 of the Dungeon)

   rElec:     It insulates you from electricity.
 q - a +0 pair of boots (worn)
 s - a +0 pair of gloves (worn)
 v - the +2 cloak of a bailey (worn) {Str+5}
   (You found it on level 2 of the Dungeon)

   Str:       It affects your strength (+5).
Jewellery
 h - a ring of wizardry (left hand)
 l - a ring of positive energy (right hand)
 u - a ring of magical power
Wands
 x - a wand of digging (6)
Scrolls
 b - 2 scrolls of poison
 i - 2 scrolls of teleportation {unknown}
 m - a scroll of vulnerability {unknown}
 o - a scroll of noise {unknown}
 r - 4 scrolls of identify {unknown}
 t - a scroll of fear {unknown}
Potions
 c - a potion of degeneration {unknown}
 e - a potion of lignification
 f - a potion of curing
 g - a potion of invisibility {unknown}
 j - a potion of attraction {unknown}
 k - a potion of might {unknown}
 p - a potion of ambrosia {unknown}
 w - a potion of heal wounds {unknown}


   Skills:
 + Level 3.2 Fighting
 + Level 1.9 Short Blades
 + Level 1.9 Long Blades
 + Level 1.9 Axes
 + Level 1.9 Maces & Flails
 + Level 1.9 Polearms
 + Level 1.9 Staves
 + Level 5.0 Ranged Weapons
 + Level 1.9 Throwing
 + Level 1.9 Armour
 + Level 5.0 Dodging
 + Level 1.9 Stealth
 + Level 1.9 Shields
 + Level 1.9 Unarmed Combat
 + Level 3.4 Spellcasting
 + Level 1.5 Conjurations
 + Level 5.6 Hexes
 + Level 1.5 Summonings
 + Level 1.5 Necromancy
 + Level 1.5 Translocations
 + Level 1.5 Transmutations
 + Level 1.5 Fire Magic
 + Level 1.5 Ice Magic
 + Level 1.5 Air Magic
 + Level 1.5 Earth Magic
 + Level 1.5 Poison Magic
 + Level 2.1 Invocations
 + Level 1.9 Evocations


You had 10 spell levels left.
You knew the following spells:

 Your Spells              Type           Power      Damage    Failure   Level
a - Slow                  Hex            64%        N/A       65%         1

Your spell library contained the following spells:

 Spells                   Type           Power      Damage    Failure   Level
 Magic Dart               Conj           24%        1d4       99%         1
 Inner Flame              Hex/Fire       11%        N/A       99%         3
 Portal Projectile        Hex/Tloc       22%        N/A       99%         3
 Call Imp                 Summ           6%         N/A       100%        2
 Mephitic Cloud           Conj/Pois/Air  6%         N/A       100%        3
 Cause Fear               Hex            8%         N/A       100%        4


Dungeon Overview and Level Annotations

Branches:
Dungeon (4/15)
 Temple: D:4-7

Altars:
Yredelemnul

Shops:
D:2 *


Innate Abilities, Weirdness & Mutations

You have very sharp teeth.
Your uncanny sense of smell can sniff out nearby items.
Your experience applies equally to all skills.


Message History

The sling bullet hits the orc priest.
The orc priest is moderately wounded.
The adder bites you but does no damage. x3
Fire: a) +1 sling
Press: ? - help, Q - select action, (/) - cycle Shift-Dir - straight line, f/p - adder
Aim: an adder (almost dead, 42% to hit)
You shoot a sling bullet. The sling bullet hits the adder!
You kill the adder!
The orc priest mumbles some strange prayers to Beogh against you.
Beogh smites you!
* * * LOW HITPOINT WARNING * * *
The orc priest invokes the aid of Beogh against you.
Beogh smites you!
* * * LOW HITPOINT WARNING * * *
Your Ranged Weapons skill increases to level 5!
Your Dodging skill increases to level 5!
It was a potion of curing.
You feel better.
The orc priest hits you but does no damage.
An orc comes into view. It is wielding a +0 hand axe.
Fire: a) +1 sling
Press: ? - help, Q - select action, (/) - cycle Shift-Dir - straight line, f - orc priest
Aim: an orc priest, wielding a +0 club and wearing a +0 chain mail (moderately wounded, fast, 68% to hit)
Okay, then.
Aiming: Throw Flame
Press: ? - help, Shift-Dir - straight line, f - orc priest
Aim: an orc priest, wielding a +0 club and wearing a +0 chain mail (moderately wounded, fast, 79% to hit)
The puff of flame hits the orc priest.
The orc priest is moderately wounded.
The now-empty wand crumbles to dust.
The orc priest hits you but does no damage.
The orc attacks as you move away! The orc hits you but does no damage.
The orc priest hits you with a +0 club.
* * * LOW HITPOINT WARNING * * *
The orc priest attacks as you move away!
The orc priest hits you but does no damage.
The orc attacks as you move away! The orc hits you but does no damage.
The orc priest hits you but does no damage.
The orc priest invokes the aid of Beogh against you.
Beogh smites you!
You die...

#.#### ##....###.##.....##.#
#.# #..#.....#.......#.#
#.########..#.###o#.~...~.#.#
#........<....# #.#.......#.#
########......## #.#.......#
#..(.)...##.#.# #.#.......#
#.......[##...# #.#.~...~.#
#...))...####.# #.#.......#.
#...>.......#@####...........#
#...)....##.#..o.†.###........
###########.#..o.### #........
#........# .........
#........##.P.P.....
#............_...[..
#........##.PSP.....
#........# )...... #........#


You could see an orc priest (fast) and an orc.

Vanquished Creatures
  Sigmund (D:2)
  Natasha (twice) (D:2)
  An adder (D:3)
  2 orcs (D:3)
  8 endoplasms
  A giant cockroach (D:3)
  2 goblins
  4 hobgoblins
  3 jackals (D:1)
  A quokka (D:1)
  3 ball pythons
  9 bats
  6 kobolds
  7 rats
50 creatures vanquished.

Notes
Turn   | Place    | Note
-------+----------+-------------------------------------------
     0 | D:1      | EvilAshe the Gnoll Arcane Marksman began the quest for the
                  | Orb.
     0 | D:1      | Reached XP level 1. HP: 17/17 MP: 4/4
    62 | D:2      | Identified the +4 plate armour "Geagi" {rElec}
   350 | D:1      | Reached XP level 2. HP: 23/23 MP: 5/5
  1073 | D:1      | Reached XP level 3. HP: 26/28 MP: 7/7
  1429 | D:2      | Noticed Natasha
  1430 | D:2      | Reached skill level 1 in Invocations
  1436 | D:2      | Killed Natasha
  1437 | D:2      | Reached skill level 1 in Short Blades
  1437 | D:2      | Reached skill level 1 in Long Blades
  1437 | D:2      | Reached skill level 1 in Axes
  1437 | D:2      | Reached skill level 1 in Maces & Flails
  1437 | D:2      | Reached skill level 1 in Polearms
  1437 | D:2      | Reached skill level 1 in Staves
  1437 | D:2      | Reached skill level 1 in Throwing
  1437 | D:2      | Reached skill level 1 in Armour
  1437 | D:2      | Reached skill level 1 in Stealth
  1437 | D:2      | Reached skill level 1 in Shields
  1437 | D:2      | Reached skill level 1 in Unarmed Combat
  1437 | D:2      | Reached skill level 1 in Evocations
  1437 | D:2      | Reached XP level 4. HP: 32/34 MP: 8/8
  1694 | D:2      | Found Guruetz's Assorted Antiques.
  1705 | D:2      | Found a faded altar of an unknown god.
  2017 | D:2      | Identified the +2 cloak of a bailey {Str+5}
  2017 | D:2      | Noticed Natasha
  2026 | D:2      | Killed Natasha
  2027 | D:2      | Reached skill level 1 in Conjurations
  2027 | D:2      | Reached skill level 1 in Summonings
  2027 | D:2      | Reached skill level 1 in Necromancy
  2027 | D:2      | Reached skill level 1 in Translocations
  2027 | D:2      | Reached skill level 1 in Transmutations
  2027 | D:2      | Reached skill level 1 in Fire Magic
  2027 | D:2      | Reached skill level 1 in Ice Magic
  2027 | D:2      | Reached skill level 1 in Air Magic
  2027 | D:2      | Reached skill level 1 in Earth Magic
  2027 | D:2      | Reached skill level 1 in Poison Magic
  2049 | D:2      | Noticed Sigmund
  2110 | D:2      | Killed Sigmund
  2111 | D:2      | Reached XP level 5. HP: 27/41 MP: 8/10
  2111 | D:2      | Reached XP level 6. HP: 31/47 MP: 8/11
  2558 | D:3      | Found a basalt altar of Yredelemnul.
  2580 | D:3      | HP: 2/47 [orc priest/divine providence (12)]
  2581 | D:3      | Reached skill level 5 in Ranged Weapons
  2581 | D:3      | Reached skill level 5 in Dodging
  2585 | D:3      | Killed from afar by an orc priest

Illustrated notes

Levels and vault maps discovered:
D:1:      doesnt_arrival_eight_statues, layout_basic, minmay_vboxes
D:2:      layout_loops_cross, chequers_ecumenical_altar_twisty, serial_shops,
          nicolae_shop_behind_doors, uniq_sigmund, uniq_natasha
D:3:      cheibrodos_pilgrimage, layout_rooms, tso_metal_star,
          yredelemnul_altar_generic, minmay_tree_intersection, hex_tiny,
          chequers_jeans
D:4:      minmay_chambers_of_fours, layout_rooms, overflow_temple_1_default,
          overflow_temple_1_default, minmay_temple_entry_from_below_a,
          uniq_edmund

Skill      XL: |  1  2  3  4  5  6 |
---------------+-------------------+-----
Invocations    | 1 2 |  2.1
Short Blades   | 1 |  1.9
Long Blades    | 1 |  1.9
Axes           | 1 |  1.9
Maces & Flails | 1 |  1.9
Polearms       | 1 |  1.9
Staves         | 1 |  1.9
Throwing       | 1 |  1.9
Armour         | 1 |  1.9
Stealth        | 1 |  1.9
Shields        | 1 |  1.9
Unarmed Combat | 1 |  1.9
Evocations     | 1 |  1.9
Spellcasting   | 3 |  3.4
Conjurations   | 1 |  1.5
Summonings     | 1 |  1.5
Necromancy     | 1 |  1.5
Translocations | 1 |  1.5
Transmutations | 1 |  1.5
Fire Magic     | 1 |  1.5
Ice Magic      | 1 |  1.5
Air Magic      | 1 |  1.5
Earth Magic    | 1 |  1.5
Poison Magic   | 1 |  1.5
Fighting       | 3 |  3.2
Ranged Weapons | 5 |  5.0
Dodging        | 5 |  5.0
Hexes          | |  5.6

Action                   |  1- 3 |  4- 6 || total
-------------------------+-------+-------++-------
 Fire: Sling             |    81 |    89 ||   170
 Cast: Slow              |     3 |       ||     3
Evoke: Wand              |     7 |    15 ||    22
  Use: Potion            |       |     2 ||     2
Armor: Plate armour      |    81 |    75 ||   156
       Robe              |     1 |       ||     1
       Skin              |       |    20 ||    20
Dodge: Dodged            |     3 |     9 ||    12
